Cogmind - Beta 12 --- EXPLORER MODE // 2023.06.24 @ 20:45:24 Player: Minty Result: Self-destructed Performance ------------- Evolutions (2) 1000 Regions Visited (4) 800 Robots Destroyed (40) 200 Value Destroyed (862) 862 Prototype IDs (1) 20 Alien Tech Used (0) 0 Bonus (-44) -44 TOTAL SCORE: 2838 Bonus ------- Follower Combat Kills 68 Friendly Fire -112 Cogmind --------- Core Integrity 382/550 Matter 300/300 Energy 61/100 System Corruption 0% Temperature Warning (366) Movement Core (250) Ox4 Location -8/Materials Parts ------- > --- POWER (1) -------- (None) > --- PROPULSION (2) --- (None) > --- UTILITY (6) ------ Improved Heat Sink Medium Storage Unit Terrain Scan Processor Targeting Computer Hacking Suite Hacking Suite > --- WEAPON (3) ------- Advanced Beam Rifle > --- INVENTORY (10) --- Ion Engine Sensor Array Improved Terrain Scanner Authchip [R/Combat] EM Pulse Gun Mining Laser Enhanced Flamer Makeshift Hammer Peak State ------------ > --- POWER ------------ Improved Ion Engine > --- PROPULSION ------- Carbon-fiber Leg Carbon-fiber Leg > --- UTILITY ---------- Medium Storage Unit Improved Terrain Scanner Terrain Scan Processor Targeting Computer Hacking Suite Hacking Suite > --- WEAPON ----------- Medium Laser Beam Rifle Advanced Beam Rifle > --- INVENTORY -------- Ion Engine Carbon-fiber Leg Improved Heat Sink Sensor Array Authchip [R/Combat] EM Pulse Gun Medium Laser Mining Laser Enhanced Flamer Makeshift Hammer [Rating: 30] Favorites ----------- Power Ion Engine Engine Ion Engine Propulsion Carbon-fiber Leg Leg Carbon-fiber Leg Utility Targeting Computer Device Improved Terrain Scanner Storage Medium Storage Unit Processor Targeting Computer Hackware Hacking Suite Protection Utility Shielding Weapon Medium Laser Energy Gun Medium Laser Ballistic Gun Light Assault Rifle Special Weapon Enhanced Flamer Build | -11 -10 -10 -9 -8 ------- Run | Jun Mat Min Mat Mat Slots Evolved 5 | . 1 . 2 2 Power . | . . . . . Propulsion . | . . . . . Utility 4 | . 1 . 1 2 Weapon 1 | . . . 1 . Parts Attached 26 | . 6 7 4 9 Power 2 | . 1 . 1 . Engine 2 | . 1 . 1 . Core . | . . . . . Reactor . | . . . . . Propulsion 8 | . . 4 1 3 Treads . | . . . . . Leg 8 | . . 4 1 3 Wheel . | . . . . . Hover . | . . . . . Flight . | . . . . . Utility 7 | . 1 2 1 3 Device 2 | . . 1 . 1 Storage . | . . . . . Processor 3 | . 1 1 1 . Hackware 2 | . . . . 2 Protection . | . . . . . Artifact . | . . . . . Weapon 9 | . 4 1 1 3 Energy Gun 8 | . 4 1 . 3 Energy Cannon . | . . . . . Ballistic Gun . | . . . . . Ballistic Cannon . | . . . . . Launcher . | . . . . . Special Weapon 1 | . . . 1 . Impact Weapon . | . . . . . Slashing Weapon . | . . . . . Piercing Weapon . | . . . . . Special Melee Weapon . | . . . . . Unidentified Prototypes 1 | . . . . 1 Parts Lost 8 | . 1 . . 7 Power 2 | . 1 . . 1 Propulsion 3 | . . . . 3 Utility . | . . . . . Weapon 3 | . . . . 3 Highest Loss Streak 6 | . 1 . . 6 To Critical Strikes . | . . . . . Average Slot Usage (%) 100 | . 100 100 100 100 Engine 10 | . 12 12 10 8 Leg 22 | . 25 25 20 16 Device 4 | . . 2 10 8 Storage 10 | . 12 12 10 8 Processor 16 | . 12 19 20 16 Hackware 2 | . . . . 16 Protection 4 | . 12 2 . . Energy Gun 22 | . 22 25 20 20 Special Weapon 2 | . . . 10 3 Naked Turns . | . . . . . Heaviest Build 25 | 18 20 21 25 25 Greatest Support 30 | 20 20 30 30 30 Greatest Overweight (x) . | . . . . . Average Overweight (x) . | . . . . . Largest Inventory Capacity 10 | 10 10 10 10 10 Average Capacity 10 | 10 10 10 10 10 Most Carried 10 | 7 10 10 10 10 Average Carried 9 | 7 9 9 8 8 Final Capacity 10 | 10 10 10 10 10 Final Carried 10 | 7 10 9 10 8 Class Distribution -------------------- 61% | Hacker-Mutant 25% | Scavenger-Skirmisher 11% | Hacker-Skirmisher Dominant Class ---------------- Hacker-Mutant | -10/Materials Hacker-Mutant | -10/Mines Scavenger-Skirmisher | -9/Materials Hacker-Skirmisher | -8/Materials Resources | -11 -10 -10 -9 -8 ----------- Run | Jun Mat Min Mat Mat Matter Collected 522 | 200 40 80 50 152 Remotely . | . . . . . Salvage Created 1288 | . 500 137 342 309 Parts 81 | . 33 14 25 9 Haulers Intercepted 1 | . 1 . . . Recyclers Shooed 3 | . 2 1 . . Parts Field Recycled . | . . . . . Retrieved Matter . | . . . . . Parts Self-Destructed . | . . . . . Prevented . | . . . . . Kills | -11 -10 -10 -9 -8 ------- Run | Jun Mat Min Mat Mat Combat Hostiles Destroyed 21 | . 7 . 7 7 Guns 18 | . 7 . 5 6 Cannons 1 | . . . 1 . Classes Destroyed 11 | . 7 1 2 1 Worker 1 | . . 1 . . Builder 4 | . 2 2 . . Tunneler 6 | . 2 4 . . Hauler 1 | . 1 . . . Recycler 1 | . 1 . . . Operator 1 | . . . 1 . Watcher 4 | . 2 . 2 . Swarmer 5 | . 1 . 2 2 Grunt 11 | . 6 . 3 2 Sentry 4 | . . . 2 2 Hunter 1 | . . . . 1 Thug 1 | . . . 1 . Best Kill Streak 5 | . 3 3 5 5 Combat Bots Only 5 | . 3 . 3 5 Max Kills in Single Turn 1 | . 1 1 1 1 Gunslinging . | . . . . . Exploded . | . . . . . Melee . | . . . . . Uniques/NPCs Destroyed . | . . . . . Combat | -11 -10 -10 -9 -8 -------- Run | Jun Mat Min Mat Mat Damage Taken 938 | . 166 9 53 710 Core 194 | . 26 . . 168 Absorbed by Shields . | . . . . . Redirected to Shielding 2 | . 2 . . . Core Remaining (%) 96 | 100 . 89 100 . Volleys Fired 88 | . 32 11 21 24 Largest 3 | . 2 2 3 3 Hottest 186 | . 100 100 186 167 Shots Fired 198 | . 64 22 52 60 Gun 188 | . 64 22 42 60 Cannon . | . . . . . Launcher . | . . . . . Special 10 | . . . 10 . Kinetic . | . . . . . Thermal 198 | . 64 22 52 60 Explosive . | . . . . . Electromagnetic . | . . . . . Robot Hit Streak 31 | . 18 30 28 31 Robot Miss Streak 2 | . 2 . 1 2 Penetration Max . | . . . . . Secondary Targets 3 | . 2 . . 1 Max Gunslinging Chain 1 | . 1 . . 1 Shots Hit Robots 152 | . 47 18 38 49 Core Hits 62 | . 23 9 15 15 Critical Kills . | . . . . . Critical Parts Destroyed . | . . . . . Critical Strikes 19 | . 8 3 4 4 Burn 19 | . 8 3 4 4 Melee Attacks . | . . . . . Impact . | . . . . . Slashing . | . . . . . Piercing . | . . . . . Sneak Attacks . | . . . . . Combat Hostiles . | . . . . . Follow-up Attacks . | . . . . . Damage Inflicted 2084 | . 561 237 490 796 Guns 2030 | . 561 237 436 796 Cannons . | . . . . . Explosions . | . . . . . Melee . | . . . . . Ramming . | . . . . . Kinetic . | . . . . . Thermal 2084 | . 561 237 490 796 Explosive . | . . . . . Electromagnetic . | . . . . . Impact . | . . . . . Slashing . | . . . . . Piercing . | . . . . . Highest Corruption . | . . . . . Average Corruption . | . . . . . Corruption Purged . | . . . . . Corruption Blocked . | . . . . . Overload Shots . | . . . . . Overflow Damage . | . . . . . Projectiles . | . . . . . Explosions . | . . . . . Melee . | . . . . . Knockbacks . | . . . . . Impact . | . . . . . Kinetic . | . . . . . Secondary . | . . . . . Self-Inflicted Damage 38 | . 38 . . . Shots 2 | . 2 . . . Rammed . | . . . . . Targets Rammed . | . . . . . Kicked . | . . . . . Crushed . | . . . . . Highest Temperature 419 | . 321 81 336 419 Average Temperature 114 | . 100 31 106 186 Received Heat Transfer 672 | . 96 9 36 531 Effects 7 | . 1 . 1 5 Shutdowns 2 | . . . 1 1 Energy Bleed 3 | . 1 . . 2 Matter Decay 2 | . . . . 2 Siege Activations . | . . . . . Robots Corrupted . | . . . . . Combat Hostiles . | . . . . . Parts Fried . | . . . . . Impact Corruptions . | . . . . . Robots Melted 3 | . 1 . 1 1 Combat Hostiles 2 | . . . 1 1 Parts Melted 20 | . 9 1 4 6 Heat Transferred 7282 | . 2257 925 1917 2183 Parts Sabotaged . | . . . . . Parts Stolen . | . . . . . Parts Stripped . | . . . . . Power Chain Reactions 1 | . 1 . . . Missiles Intercepted . | . . . . . Alert | -11 -10 -10 -9 -8 ------- Run | Jun Mat Min Mat Mat Peak Influence 313 | . 223 53 313 184 Initial 94 | . . 3 14 94 Average 89 | . 69 40 164 108 Maximum Alert Level 1 | . 1 . 1 . Low Security (%) 88 | 100 92 100 63 100 Level 1 11 | . 7 . 36 . Level 2 . | . . . . . Level 3 . | . . . . . Level 4 . | . . . . . Level 5 . | . . . . . High Security . | . . . . . Max Security . | . . . . . Squads Dispatched 5 | . 1 . 1 3 Investigation 2 | . 1 . . 1 Extermination . | . . . . . Reinforcement 2 | . . . 1 1 Assault . | . . . . . Garrison 1 | . . . . 1 Intercept . | . . . . . Searches Triggered . | . . . . . Construction Impeded . | . . . . . Haulers Reinforced . | . . . . . Active Scanning Responses . | . . . . . Cargo Convoy Interrupts . | . . . . . Stealth | -11 -10 -10 -9 -8 --------- Run | Jun Mat Min Mat Mat Distress Signals 3 | . 2 . 1 . Communications Jammed . | . . . . . Distress Signals . | . . . . . Times Spotted 41 | . 12 2 14 13 Peak Tracking Total 10 | . 5 2 4 10 Tactical Retreats . | . . . . . Traps | -11 -10 -10 -9 -8 ------- Run | Jun Mat Min Mat Mat Traps Triggered 1 | . 1 . . . Indirectly . | . . . . . Trap Hack Attempts . | . . . . . Triggered . | . . . . . Disarmed . | . . . . . Reprogrammed 6 | . 6 . . . Reused . | . . . . . Traps Extracted . | . . . . . Installed 5 | . . 5 . . Triggered . | . . . . . Machines | -11 -10 -10 -9 -8 ---------- Run | Jun Mat Min Mat Mat Machines Disabled 1 | . 1 . . . Max in Single Turn 1 | . 1 . . . Machines Repaired . | . . . . . Machines Sabotaged . | . . . . . Overloaded Fab Kills . | . . . . . Hacking | -11 -10 -10 -9 -8 --------- Run | Jun Mat Min Mat Mat Machines Accessed 6 | . 3 . 2 1 Terminals 6 | . 3 . 2 1 Fabricators . | . . . . . Repair Stations . | . . . . . Recycling Units . | . . . . . Scanalyzers . | . . . . . Garrison Access . | . . . . . Total Hacks 23 | . 13 . 7 3 Successful 15 | . 8 . 5 2 Failed 8 | . 5 . 2 1 Catastrophic 1 | . . . 1 . Database Lockouts . | . . . . . Manual 13 | . 4 . 6 3 Terminals 23 | . 13 . 7 3 Fabricators . | . . . . . Repair Stations . | . . . . . Recycling Units . | . . . . . Scanalyzers . | . . . . . Garrison Access . | . . . . . Terminal Hacks 9 | . 6 . 2 1 Branch Access Points 1 | . . . 1 . Alert Level 2 | . 1 . 1 . Unreport Threat 1 | . . . . 1 Locate Traps 1 | . 1 . . . Reprogram Traps 2 | . 2 . . . Patrol Status 1 | . 1 . . . Registered Prototypes 1 | . 1 . . . Fabricator Hacks . | . . . . . Repair Station Hacks . | . . . . . Recycling Unit Hacks . | . . . . . Scanalyzer . | . . . . . Garrison Access Hacks . | . . . . . Unauthorized Hacks 6 | . 2 . 3 1 Terminals 6 | . 2 . 3 1 Botnet 5 | . 2 . 2 1 Disrupt 1 | . . . 1 . Fabricators . | . . . . . Repair Stations . | . . . . . Recycling Units . | . . . . . Scanalyzers . | . . . . . Garrison Access . | . . . . . Data Cores Recovered . | . . . . . Used . | . . . . . Hacking Detections 6 | . 3 . 2 1 Full Trace Events 2 | . 1 . . 1 Feedback Events . | . . . . . Feedback Blocked . | . . . . . Robot Schematics Acquired . | . . . . . Robots Built . | . . . . . Authchips . | . . . . . Time . | . . . . . Total Robot Build Rating . | . . . . . Part Schematics Acquired . | . . . . . Parts Built . | . . . . . Authchips . | . . . . . Time . | . . . . . Total Part Build Rating . | . . . . . Parts Repaired . | . . . . . Time . | . . . . . Parts Recycled . | . . . . . Recycled Matter . | . . . . . Retrieved Matter . | . . . . . Retrieved Components . | . . . . . Parts Scanalyzed . | . . . . . Part Schematics Acquired . | . . . . . Parts Damaged . | . . . . . Bothacking | -11 -10 -10 -9 -8 ------------ Run | Jun Mat Min Mat Mat Used RIF Installer . | . . . . . Robots Hacked . | . . . . . Non-combat . | . . . . . Combat . | . . . . . Robot Hacks Applied . | . . . . . Relay Couplers Released . | . . . . . Fabnet Peak Effective % . | . . . . . Robots Rewired . | . . . . . Allies Hacked . | . . . . . Hacks Repelled . | . . . . . Allies | -11 -10 -10 -9 -8 -------- Run | Jun Mat Min Mat Mat Total Allies 2 | . . 2 . . Largest Group 2 | . . 2 2 . Highest-Rated Group 49 | . . 49 49 . Highest-Rated Ally 31 | . . 31 31 . Total Orders . | . . . . . Ally Attacks 10 | . . . 10 . Total Damage 164 | . . . 164 . Kills 3 | . . . 3 . Allies Corrupted . | . . . . . Allies Melted . | . . . . . Intel | -11 -10 -10 -9 -8 ------- Run | Jun Mat Min Mat Mat Robot Analysis Total . | . . . . . Derelict Logs Recovered . | . . . . . Drone Launches . | . . . . . Drone Recoveries . | . . . . . Exploration | -11 -10 -10 -9 -8 ------------- Run | Jun Mat Min Mat Mat Turns Passed 1347 | 5 438 381 318 205 Spaces Moved 834 | 5 267 265 198 99 Core . | . . . . . Treads . | . . . . . Legs 834 | 5 267 265 198 99 Wheels . | . . . . . Hover . | . . . . . Flight . | . . . . . Fastest Speed 120 | 120 120 120 120 120 Average Speed 120 | 120 120 120 120 120 Slowest Speed 120 | 120 120 120 120 120 Overloaded Moves . | . . . . . Propulsion Burnouts . | . . . . . Robots Hopped . | . . . . . Cave-ins Triggered . | . . . . . Exploration Rate (%) 31 | 2 54 69 19 14 Regions Visited 4 Branch Regions 1 Pre-discovered Areas . | . . . . . Known Exits Taken 4 | 1 1 1 1 . Unknown Exits Taken . | . . . . . Scrap Searched 1 | . . 1 . . Spaces Dug . | . . . . . Terrain Destroyed 3 | . 3 . . . Melee . | . . . . . Projectile . | . . . . . AOE 3 | . 3 . . . Terrain Rammed . | . . . . . Walls Destroyed . | . . . . . Machines Disabled . | . . . . . Actions | -11 -10 -10 -9 -8 --------- Run | Jun Mat Min Mat Mat Total 1000 | 4 323 310 227 136 Wait 11 | . . 8 . 3 Move 830 | 4 266 264 197 99 Hop . | . . . . . Pick Up 18 | . 10 5 3 . Fast Attach 4 | . 3 . . 1 Attach 9 | . 2 1 2 4 Detach 2 | . . 1 . 1 Swap 13 | . 1 6 2 4 Drop 20 | . 9 9 2 . Fire 88 | . 32 11 21 24 Melee . | . . . . . Ram . | . . . . . Kick . | . . . . . Crush . | . . . . . Escape Stasis . | . . . . . Rewire . | . . . . . Trap 5 | . . 5 . . Miscellaneous . | . . . . . Route ------- -11/Junkyard -10/Materials (discovered 3 exits: *Mat / *Min x2) -10/Mines -9/Materials (discovered 2 exits: *Mat / Min) -8/Materials History --------- Turn | Location | Event 1 | -11/Junkyard | Identified exit to Materials 1 | -11/Junkyard | Discovered exit to Materials (range 3) 6 | -11/Junkyard | Entered Materials 6 | -10/Materials | Evolved 1 slot: Utility x1 72 | -10/Materials | Identified exit to Mines 72 | -10/Materials | Discovered exit to Mines (range 6) 89 | -10/Materials | Identified exit to Materials 89 | -10/Materials | Discovered exit to Materials (range 10) 260 | -10/Materials | Discovered exit to Mines (range 14) 318 | -10/Materials | Build established: Hacker-Mutant 444 | -10/Materials | Entered Mines 478 | -10/Mines | A weapon hastily lodged in a ceiling crevice suddenly fell to the ground 585 | -10/Mines | Found a hidden stash of uninstalled traps 643 | -10/Mines | Joined a pair of Derelicts in attacking an 0b10 outpost 804 | -10/Mines | Discovered exit to Materials (range 10) 825 | -10/Mines | Entered Materials 825 | -9/Materials | Accompanied by 2 allies 825 | -9/Materials | Evolved 2 slots: Utility x1, Weapon x1 830 | -9/Materials | Led the pair of lost Derelicts to an unsafe place 884 | -9/Materials | Identified exit to Mines 1114 | -9/Materials | Identified exit to Materials 1114 | -9/Materials | Discovered exit to Materials (range 15) 1121 | -9/Materials | Build established: Scavenger-Skirmisher 1143 | -9/Materials | Entered another Materials area 1143 | -8/Materials | Evolved 2 slots: Utility x2 1279 | -8/Materials | Garrison activated, responded to threat 1348 | -8/Materials | Self-destructed Last Messages --------------- 01335_ Y-45 Defender suffers critical hit (Burn). 01336_ Carbon-fiber Leg destroyed. 01337_ G-47 Trooper heat spikes uncontrollably. 01337_ R-06 Scavenger collects Flight Unit. 01337_ G-47 Trooper overheating. 01338_ Terminal disabled. 01339_ G-47 Trooper overheating. 01339_ Imp. Ion Engine melted. 01339_ Heat Sink melted. 01339_ Y-45 Defender destroyed. 01339_ K-01 Serf collects debris. 01340_ R-06 Scavenger collects Lgt. Treads. 01342_ Imp. Ion Engine destroyed. 01344_ Beam Rifle destroyed. 01344_ G-47 Trooper overheating. 01344_ Carbon-fiber Leg destroyed. 01346_ Med. Laser destroyed. 01346_ K-01 Serf collects debris. 01347_ Overheating: Energy bleed (-19). 01347_ Carbon-fiber Leg destroyed. Map ----- +----------------------------------------------------+ | ?????????????????????????????????????????????????? | | ?????????????????????????????????????????????????? | | ?????????????????????????????????????????????????? | | ?????????????????????????????????????????????????? | | ?????????????????????????????????????????????????? | | ?????????????????????????????????????????????????? | | ?????????????????????????????????????????????????? | | ?????????????????????????????????????????????????? | | ?????????????????????????????????????????????????? | | ?????????????????????????????????????????????????? | | ?????????????????????????????????????????????????? | | ?????????????????????????????????????????????????? | | ?????????????????????????????????????????????????? | | ?????????????????????????????????????????????????? | | ?????????????????????????????????????????????????? | | ?????????????????????????????????????????????????? | | ?????????????????????????????????????????????????? | | ?????????????????????????????#???????????????????? | | ??????????????????#?????????#????????????????????? | | ?????????????????????#????#??????????????????????? | | ??????????????#???????????????##? ???????????????? | | ??????????? ???#??###########??#??#?????????????? | | ???????#??""?? ????# #? ?????????????????? | | ?????? ??""??? ???## " #?? ???? ???????????? | | ???" ??? ??"??? #?## """ T #???? ??????????????? | | ???""????? ? ? ??##"""""@ # ????????????????? | | ??"????#??""??? ##?#""""" #?"? ???????????????? | | ?????? ??????? ???#"""""g #??? ???????????????? | | ??"" ? ??"?? ??#?# """gggg #???????????????????? | | ?? ????#???? ?? ##?# [ #?? ??? ????????????? | | ??? ??###+####??#####k#####??????+?##?????????? | | ####+##### ####### %= ####### ???????????? | | ?????????? | | % T ?????????? | | %% ?????????? | | ## #?#+### %####### ####### = #?????????? | | ?# ##??? ## ##??##?#######??????? #??????????? | | ## ## ## ##?####?#???##??#??????????????????? | | ?# ##??? ## #??#??#?##??##?#???????????????????? | | ## #? ? ## #####?####??#??#?#??? ?????????????? | | ?# ##? ?# #########??? ???? ?? ?????????????? | | ?# ##? ## ##?#??#? ????? #??????????????? | | ## ## ?## ####+####### ? ? ? #??????????????? | | ## #? ??## # * #???????????????????????? | | # ## ## # #?? ???????????????????? | | # #?##?#?# # """ """ #?? ? ??????????????????? | | # ######## + """ """ # ?? ??????????????????? | | # # """ """ #? ?????????????????????? | | + ###### # #??????? #??????????????? | | # #?##?# ############?????#?????????????????? | +----------------------------------------------------+ Best States ------------- Heat Dissipation 45 Energy Generation 12 Energy Capacity 265 Matter Stores 300 Matter Capacity 300 Sight Range 16 Terrain Scan Range 16 Terrain Scan Density 85 Resistance: KI 35 Resistance: TH 35 Resistance: EX 35 Resistance: EM 35 Resistance: I 35 Resistance: S 35 Resistance: P 35 Utility Shielding 33 Evasion (%) 55 Targeting Accuracy 10 Offensive Hacking 40 Authchip Count 1 Item Schematics ----------------- None Robot Schematics ------------------ None Fabricated ------------ Nothing Alien Tech Used ----------------- None Achievements -------------- None Challenges ------------ None Game ------ Seed ThrowingGrapheneDerivative Manual? 0 Play Time 00:15:08 Cumulative 398.0 hours Start 2023.06.24 @ 20:32:27 End 2023.06.24 @ 20:45:24 Sessions 1 Manual Loads 0 Difficulty Explorer Special Mode None Game No. 294 Rogue 88 Adventurer 76 Explorer 130 Win Type - Total 20 Types 18/0/1/0/0/0/0/1/0 Lore% 64 Gallery% 85 Achievement% 68 Wizard Run 0 Options --------- ASCII 0 Keyboard 1 Movement Numpad Keybinds 0 Fullscreen 2 Font 18/SmallcapsGlow Map View 76x50 Tactical HUD 1 Map Filters NONE Filters NONE Steam 1 RUN: 22d24820-f70d-4bda-9d75-78a177f5d3cc